 Dungeon Crawl Stone Soup version 0.22-a0-348-gd16d139 (webtiles) character file.

182 Amnesiac the Cutter (level 5, -4/26 HPs)
             Began as a Vine Stalker Gladiator on Apr 9, 2018.
             Was a Follower of Okawaru.
             Killed by divine providence
             ... invoked by an orc priest
              (12 damage)
             ... on level 3 of the Dungeon.
             The game lasted 00:06:24 (2100 turns).

Amnesiac the Cutter (Vine Stalker Gladiator)        Turns: 2100, Time: 00:06:25

Health: -4/26      AC: 14    Str: 18    XL:     5   Next: 62%
Magic:  0/6        EV:  9    Int:  8    God:    Okawaru [*.....]
Gold:   196        SH: 11    Dex: 15    Spells: 4/4 levels left

rFire    . . .     SeeInvis .   j - +3 dagger (holy)
rCold    . . .     Gourm    .   n - +1 shield {rPois}
rNeg     . . .     Faith    .   h - +0 chain mail
rPois    +         Spirit   +   c - +0 helmet
rElec    .         Reflect  .   b - +1 cloak
rCorr    .         Harm     .   k - +0 pair of gloves
MR       .....                  (no boots)
Stlth    ..........             (no amulet)
HPRegen  0.48/turn              (no ring)
MPRegen  0.10/turn              (no ring)

@: heroism
A: fangs 2, regeneration 1, magic shield, antimagic bite, no potion heal 3, rot
immunity
a: Heroism, Renounce Religion


You were on level 3 of the Dungeon.
You worshipped Okawaru.
Okawaru was aware of your devotion.
You were not hungry.

You visited 1 branch of the dungeon, and saw 4 of its levels.

You collected 196 gold pieces.

Inventory:

Hand Weapons
 j - a +3 dagger of holy wrath (weapon)
Missiles
 d - 3 throwing nets (quivered)
 t - 6 javelins
Armour
 b - a +1 cloak (worn)
 c - a +0 helmet (worn)
 h - a +0 chain mail (worn)
 k - a +0 pair of gloves (worn)
 n - a +1 shield of poison resistance (worn)
Jewellery
 a - an uncursed ring of ice
Scrolls
 e - 3 scrolls of blinking {!r}
 i - 3 scrolls of teleportation {!r}
 m - a scroll of random uselessness {!r, unknown}
 o - a scroll of fear {!r, unknown}
 q - a scroll of fog {!r, unknown}
 s - 2 scrolls of identify {!r}
Potions
 g - a potion of might {!q, unknown}
 l - 2 potions of lignification {!q}
 r - a potion of curing {!q}
Comestibles
 f - 3 rations
 p - 2 chunks of flesh


   Skills:
 - Level 1.7(6.7) Fighting
 + Level 5.6(10.6) Short Blades
 - Level 1.7(6.7) Throwing
 - Level 2.4(7.4) Dodging


You had 4 spell levels left.
You didn't know any spells.

Dungeon Overview and Level Annotations

Branches:
Dungeon (4/15)
 Temple: D:4-7

Altars:
Ashenzari
Makhleb
Okawaru


Innate Abilities, Weirdness & Mutations

You have extremely sharp teeth.
Your natural rate of healing is unusually fast.
When hurt, damage is shared between your health and your magic reserves.
Your bite disrupts and absorbs the magic of your enemies.
Potions cannot restore your health.
You are immune to rotting.


Message History

You hit the orc wizard but do no damage.
You bite the orc wizard.
The orc wizard's magic leaks into the air.
You drain its magic.
The orc wizard is severely wounded.
You block the orc wizard's attack.
You barely miss the orc wizard.
The orc priest shouts!
The orc wizard is severely wounded.
The orc wizard falters for a moment.
The orc priest calls upon Beogh to heal the orc wizard.
The orc wizard is healed somewhat.
You hit the orc wizard.
The orc wizard is heavily wounded.
The orc wizard falters for a moment.
You closely miss the orc wizard. You bite the orc wizard.
The orc wizard's magic leaks into the air.
You drain its magic.
The orc wizard is almost dead.
The orc priest calls upon Beogh to heal the orc wizard.
The orc wizard is healed somewhat.
The orc wizard barely misses you.
You hit the orc wizard but do no damage.
You bite the orc wizard.
The orc wizard's magic leaks into the air.
You drain its magic.
The orc wizard is severely wounded.
The orc priest mumbles some strange prayers to Beogh against you.
Beogh smites you!
* * * LOW HITPOINT WARNING * * *
You hit the orc wizard.
You bite the orc wizard, but do no damage.
The orc wizard is almost dead.
The orc wizard hits you with a dagger.
* * * LOW HITPOINT WARNING * * *
You closely miss the orc wizard.
The orc wizard is almost dead.
The orc wizard falters for a moment.
You closely miss the orc wizard.
You bite the orc wizard, but do no damage.
The orc wizard is almost dead.
The orc wizard barely misses you.
You hit the orc wizard.
You kill the orc wizard!
Okawaru accepts your kill.
You can now gain great but temporary skills.
You hit the orc.
You kill the orc!
Okawaru accepts your kill.
You gain the combat prowess of a mighty hero.
You hit the orc priest.
The orc priest is lightly wounded.
The orc priest looks braver for a moment.
You hit the orc priest but do no damage.
You bite the orc priest, but do no damage.
The orc priest is lightly wounded.
You block the orc priest's attack.
You hit the orc priest but do no damage.
The orc priest is lightly wounded.
You hit the orc priest.
The orc priest is heavily wounded.
You block the orc priest's attack.
The orc priest calls down the wrath of Beogh upon you.
Beogh smites you!
You die...

#.######.#
#.#### #.#
#..... #o#
###### ..#
#.# #.#
###### #.#
#.....
#..#####.#
#.####
#.....@oo#
#.#
##.#####.#
#.#
#.#########.#
#........##.#
########>##.#
#.##.# #.##.#
#.##.# #.##.#


You could see 2 orc priests.

Vanquished Creatures
  A hound (D:3)
  An orc wizard (D:3)
  An orc priest (D:3)
  An adder (D:3)
  An ooze (D:1)
  An adder skeleton (D:4)
  4 worms
  2 dart slugs (D:1)
  2 leopard geckos
  3 orcs
  4 bats (D:1)
  3 giant cockroaches
  4 goblins
  7 hobgoblins
  3 jackals (D:1)
  7 kobolds
  A ball python (D:4)
  6 frilled lizards (D:1)
  6 rats
58 creatures vanquished.

Notes
Turn   | Place    | Note
-------+----------+-------------------------------------------
     0 | D:1      | Amnesiac the Vine Stalker Gladiator began the quest for the Orb.
     0 | D:1      | Reached XP level 1. HP: 11/11 MP: 2/2
    51 | D:1      | Found an iron altar of Okawaru.
    56 | D:1      | Became a worshipper of Warmaster Okawaru
    87 | D:1      | Reached skill level 3 in Short Blades
   153 | D:1      | Reached XP level 2. HP: 13/15 MP: 1/3
   363 | D:1      | Reached XP level 3. HP: 14/18 MP: 4/4
   408 | D:1      | Reached skill level 4 in Short Blades
  1320 | D:2      | Gained mutation: Your natural rate of healing is unusually fast. [Vine Stalker growth]
  1320 | D:2      | Reached XP level 4. HP: 18/23 MP: 5/5
  1852 | D:3      | Reached skill level 5 in Short Blades
  1852 | D:3      | Reached XP level 5. HP: 26/26 MP: 6/6
  1905 | D:3      | Found a burning altar of Makhleb.
  2025 | D:4      | Found a shattered altar of Ashenzari.
  2094 | D:3      | Reached * piety under Okawaru
  2100 | D:3      | Killed from afar by an orc priest

Vault maps used:
D:1:      dpeg_arrival_lava_temple_mockup, okawaru_ov_weapons_minmay
D:2:      grunt_ministairs_2, minmay_misc_feat_enclosed
D:3:      lemuel_coloured_pillars_altar
D:4:      minitemple, cheibrodos_ashenzari_chains, uniq_crazy_yiuf_cottage

Skill      XL: |  1  2  3  4 |
---------------+-------------+-----
Short Blades   | 3 4 5 |  5.6
Fighting       | |  1.7
Throwing       | |  1.7
Dodging        | |  2.4

Action                   |  1- 3 |  4- 6 || total
-------------------------+-------+-------++-------
Melee: Rapier            |   100 |       ||   100
       Bite              |    38 |    45 ||    83
       Dagger            |     7 |   109 ||   116
Invok: Heroism           |       |     1 ||     1
  Use: Scroll            |     2 |     4 ||     6
 Stab: Sleeping          |     2 |       ||     2
  Eat: Chunk             |     1 |     3 ||     4
Armor: Leather armour    |    30 |       ||    30
       Chain mail        |    10 |    38 ||    48
Dodge: Dodged            |    34 |    11 ||    45
Block: Shield            |    27 |    27 ||    54

Table legend:
 A = Spawn XP
 B = Non-spawn XP
 C = Spawn XP percentage of total XP
 D = Spawn monster count
 E = Non-spawn monster count
 F = Spawn count percentage of total count
 G = Total turns spent on level
                    A         B        C        D         E        F      G
               +---------+---------+-------+---------+---------+-------+---------
         Total |       0 |     261 |   0.0 |       0 |      58 |   0.0 |  2100
               +---------+---------+-------+---------+---------+-------+---------
           D:1 |       0 |      58 |   0.0 |       0 |      30 |   0.0 |  1012
           D:2 |       0 |      24 |   0.0 |       0 |      10 |   0.0 |   404
           D:3 |       0 |     170 |   0.0 |       0 |      15 |   0.0 |   629
           D:4 |       0 |       9 |   0.0 |       0 |       3 |   0.0 |    55
               +---------+---------+-------+---------+---------+-------+---------
